 Dungeon Crawl Stone Soup version 0.18.1-8-gdd0e5ea (webtiles) character file.

99 zeroDi the Sneak (level 4, 0/23 HPs)
             Began as a Vine Stalker Assassin on May 22, 2016.
             Slain by an adder (1 damage)
             ... on level 3 of the Dungeon.
             The game lasted 00:03:11 (1673 turns).

zeroDi the Sneak (Vine Stalker Assassin)            Turns: 1673, Time: 00:03:12

Health: 0/23       AC:  3    Str: 16 (19) XL:     4   Next: 72%
Magic:  0/5        EV: 17    Int: 10 (11) God:
Gold:   55         SH:  0    Dex: 19 (21) Spells: 0 memorised, 3 levels left

rFire  . . .     SeeInvis .     a - +2 dagger
rCold  . . .     Gourm    .     c - +0 robe
rNeg   . . .     Faith    .     (no shield)
rPois  .         Spirit   +     (no helmet)
rElec  .         Dismiss  .     d - +0 cloak
rCorr  .         Reflect  .     (no gloves)
SustAt .         Harm     .     (no boots)
MR     .....                    (no amulet)
Stlth  ++++......               (no ring)
                                (no ring)

@: mighty, agile, lethally poisoned (0 -> -4), very slightly contaminated,
invisible, not resistant to hostile enchantments, stealthy
A: fangs 2, regeneration 1, magic shield, antimagic bite, no device heal 3, rot
immunity
a: no special abilities


You were on level 3 of the Dungeon.
You were not hungry.

You visited 1 branch of the dungeon, and saw 3 of its levels.

You collected 55 gold pieces.


Innate Abilities, Weirdness & Mutations

You have extremely sharp teeth.
Your natural rate of healing is unusually fast.
When hurt, damage is shared between your health and your magic reserves.
Your bite disrupts and absorbs the magic of your enemies.
Potions and wands cannot restore your health.
You are immune to rotting.


   Skills:
 - Level 1.7 Fighting
 + Level 4.3 Short Blades
 - Level 1.7 Throwing
 - Level 0.7 Dodging
 - Level 4.8 Stealth


You had 3 spell levels left.
You didn't know any spells.

Inventory:

Hand Weapons
 a - a +2 dagger (weapon)
 b - a +0 blowgun
Missiles
 e - 8 poisoned needles
 f - 2 curare-tipped needles {=f}
 n - 5 javelins (quivered)
Armour
 c - a +0 robe (worn)
 d - a +0 cloak (worn)
Wands
 r - a wand of lightning (9/15)
Scrolls
 i - 3 scrolls of identify {unknown}
 j - a scroll of random uselessness {unknown}
 k - a scroll of amnesia {unknown}
 l - a scroll of remove curse {unknown}
 m - a scroll of teleportation {unknown}
 s - 2 scrolls of recharging {unknown}
 x - a scroll of magic mapping {unknown}
Potions
 h - a potion of mutation {unknown}
 q - a potion of curing {unknown}
 u - a potion of ambrosia {unknown}
 v - a potion of haste {unknown}
Comestibles
 g - a bread ration
 o - a beef jerky
 w - a chunk of flesh
 A - a meat ration

Dungeon Overview and Level Annotations

Branches:
Dungeon (3/15)

Altars:

..####. ..#..
#.#.# ## # ...# .
#. #..#.#
..###.##..#.#####
...So.o{..†...>..
######S#.####.###
#@#.........
#.##†###.## .#
#.##..##.## .###
#.#.......# ...
..+.......+ #+#
..# #.#.......#
#.# #..#
#.#.......#
####.####..#
#.#.......#
...........#
#.......#


You could see an adder and an orc.


Message History

You fade into invisibility!
* * * LOW HITPOINT WARNING * * *
You feel sick. The adder misses you.
You are very lightly contaminated with residual magic.
Drink which item? (? for menu, Esc to quit)
It was a potion of might.
You feel very mighty all of a sudden.
* * * LOW HITPOINT WARNING * * *
You feel sick.
The orc wizard mumbles some strange words.
The orc wizard flickers and vanishes!
Deactivating autopickup; reactivate with Ctrl-A.
The adder completely misses you.
Drink which item? (? for menu, Esc to quit)
It was a potion of degeneration.
There was something very wrong with that liquid.
You feel weakened.
You feel dopey.
You feel clumsy.
* * * LOW HITPOINT WARNING * * *
You feel sick. The adder bites you.
You die...

Action                   |  1- 3 |  4- 6 || total
-------------------------+-------+-------++-------
Melee: Dagger            |    66 |    68 ||   134
       Bite              |    10 |    19 ||    29
 Fire: Blowgun           |     5 |       ||     5
  Use: Potion            |       |     4 ||     4
 Stab: Sleeping          |     9 |     4 ||    13
  Eat: Chunk             |       |     2 ||     2
Armor: Robe              |    18 |     7 ||    25
Dodge: Dodged            |    25 |    37 ||    62

Vault maps used:
D:1:      dpeg_arrival_arbitrary_a, roderic_three_in_a_row,
          minmay_misc_feat_tiny
D:2:      uniq_terence
D:3:      old_standard_altar, kennysheep_orc_chapel

Notes
Turn   | Place    | Note
--------------------------------------------------------------
     0 | D:1      | zeroDi the Vine Stalker Assassin began the quest for the Orb.
     0 | D:1      | Reached XP level 1. HP: 11/11 MP: 2/2
   125 | D:1      | Reached skill level 2 in Short Blades
   415 | D:1      | Reached XP level 2. HP: 12/15 MP: 1/3
   882 | D:2      | Reached skill level 3 in Short Blades
   903 | D:2      | Reached XP level 3. HP: 18/18 MP: 4/4
  1089 | D:2      | Noticed Terence
  1135 | D:2      | Killed Terence
  1135 | D:2      | Reached XP level 4. HP: 12/23 MP: 1/5
  1442 | D:2      | Reached skill level 4 in Short Blades
  1672 | D:3      | HP: 2/23 [poisoned by an adder]
  1673 | D:3      | Slain by an adder

Vanquished Creatures
  Terence (D:2)
  3 adders
  A worm (D:2)
  A giant gecko (D:3)
  2 orcs (D:3)
  A giant cockroach (D:2)
  A goblin (D:1)
  7 hobgoblins
  4 jackals (D:2)
  A quokka (D:2)
  A ball python (D:3)
  7 bats
  4 giant newts
  4 kobolds (D:2)
  4 rats
42 creatures vanquished.
